 Dungeon Crawl Stone Soup version 0.17-a0-1195-g0639cb0 (webtiles) character file.

244 Chiseanne the Skirmisher (level 5, -2/42 HPs)
             Began as a Demonspawn Wanderer on June 2, 2015.
             Was an Initiate of Makhleb.
             Killed by divine providence
             ... invoked by an orc priest
              (14 damage)
             ... on level 4 of the Dungeon.
             The game lasted 00:08:43 (3366 turns).

Chiseanne the Skirmisher (Demonspawn Wanderer)      Turns: 3366, Time: 00:08:43

Health: -2/42      AC: 11    Str: 12    XL:     5   Next: 83%
Magic:  5/5        EV: 11    Int: 13    God:    Makhleb [......]
Gold:   150        SH:  0    Dex: 14    Spells: 0 memorised, 4 levels left

rFire  . . .     SeeInvis +     a - +3 hand axe
rCold  . . .     Clarity  .     b - +0 ring mail
rNeg   . . .     SustAt   .     (no shield)
rPois  .         Gourm    .     k - +1 helmet
rElec  .         Spirit   .     c - +1 cloak
rCorr  .         Warding  .     (no gloves)
rMut   .         Stasis   .     (no boots)
MR     .....                    (no amulet)
Stlth  +.........               (no ring)
                                q - ring of see invisible

@: not resistant to hostile enchantments, very unstealthy
A: thin metallic scales 1, rot immunity
a: Renounce Religion


You were on level 4 of the Dungeon.
You worshipped Makhleb.
Makhleb was noncommittal.
You were not hungry.

You visited 1 branch of the dungeon, and saw 4 of its levels.

You collected 150 gold pieces.

Inventory:

Hand weapons
 a - a +3 hand axe (weapon)
 e - a +1 hunting sling of velocity
Missiles
 i - 4 needles of frenzy
 l - 40 arrows
 m - 21 poisoned needles
 n - 28 bolts
 o - 15 bolts of flame
 s - 5 curare-tipped needles
Armour
 b - a +0 ring mail (worn)
 c - a +1 cloak (worn)
 k - a +1 helmet (worn)
Jewellery
 q - a ring of see invisible (left hand)
Magical devices
 p - a wand of slowing (23)
 v - a wand of digging (13)
Scrolls
 f - a scroll of identify
Potions
 j - a potion of cure mutation {unknown}
 r - a potion of curing
 t - a potion of heal wounds
 u - a potion of brilliance
 w - 2 potions of poison {unknown}
 x - a potion of resistance {unknown}
Comestibles
 d - a bread ration
 g - 2 beef jerkies
 h - 2 fruits


   Skills:
 * Level 4.1 Fighting
 * Level 3.9(4.0) Axes
   Level 1.0(2.6) Maces & Flails
 - Level 1.0 Throwing
 * Level 2.6 Armour
 * Level 2.3 Dodging
 - Level 1.0 Evocations


You had 4 spell levels left.
You didn't know any spells.

Dungeon Overview and Level Annotations

Branches:
Dungeon (4/15)
 Temple: D:4-7

Altars:
Makhleb
Xom
Zin


Innate Abilities, Weirdness & Mutations

You are partially covered in thin metallic scales (AC +2).
You are immune to rotting.


Message History

Zapping:
v - a wand of digging (will waste charges)
Press: ? - help, Shift-Dir - straight line The rock shatters into small pieces.
Evoking this partially-identified wand wasted a few charges.
The orc priest glows brightly for a moment.
You hit the orc wizard.
The orc wizard is heavily wounded.
You hit the orc priest.
The orc priest is lightly wounded.
The orc wizard casts a spell.
The orc wizard blinks!
The orc priest mumbles some strange prayers to Beogh against you.
Something smites you!
The orc priest looks braver.
The orc priest hits you but does no damage.
You are electrocuted!
* * * LOW HITPOINT WARNING * * *
The orc priest invokes the aid of Beogh against you.
Something smites you!
You die...

#.#####..###...##
#.......... #.# #.##
#...# #..........
##.# #.# #...#
#.......... #..# #.#
#...# ..$...oo..
#o## #.# .... #
##........o #.# #.#
..# ## #.......o..
#.# ... #.
###..........
#.###..... #.
.....<.....o.
#@§....... #.
.............
#o#####.. #.
........>.... #o#
.... ##.
............#....#
#..# ##..
###........##.....
#...# #..#
#....###...##oo.#
#....####.## ......
#.#.
......##.....##...#
!...... # #
##b............†...#
..............#...#


You could see 3 orc priests, an orc wizard, an orc and a bat.

Vanquished Creatures
  A scorpion (D:3)
  A hound (D:3)
  An orc wizard (D:3)
  4 adders
  2 worms (D:2)
  2 giant geckos (D:1)
  8 orcs
  4 giant cockroaches
  14 hobgoblins
  5 jackals (D:1)
  10 kobolds
  3 quokkas
  8 bats
  4 giant newts
  11 goblins
  6 rats
84 creatures vanquished.

Notes
Turn   | Place    | Note
--------------------------------------------------------------
     0 | D:1      | Chiseanne the Demonspawn Wanderer began the quest for the Orb.
     0 | D:1      | Chiseanne set off with: a +2 hand axe, a +0 ring mail, a potion of lignification, a bread ration
     0 | D:1      | Reached XP level 1. HP: 18/18 MP: 1/1
   141 | D:1      | Gained mutation: You are immune to rotting. [demonic ancestry]
   141 | D:1      | Reached XP level 2. HP: 14/24 MP: 2/2
  1000 | D:1      | Reached XP level 3. HP: 29/29 MP: 3/3
  1739 | D:2      | Reached skill level 1 in Dodging
  1804 | D:2      | Gained mutation: You are partially covered in thin metallic scales (AC +2). [demonic ancestry]
  1804 | D:2      | Reached XP level 4. HP: 34/36 MP: 4/4
  2233 | D:3      | Reached XP level 5. HP: 9/42 MP: 5/5
  2642 | D:3      | Noticed an angel
  2643 | D:3      | Found a shimmering altar of Xom.
  2668 | D:3      | Found a glowing silver altar of Zin.
  2710 | D:3      | Reached skill level 4 in Fighting
  2883 | D:3      | Found a burning altar of Makhleb.
  2897 | D:3      | Became a worshipper of Makhleb the Destroyer
  3366 | D:4      | Killed from afar by an orc priest

Vault maps used:
D:1:      dpeg_arrival_castle
D:3:      grunt_temple_overflow_order_and_chaos_1, makhleb_blood_cavern_becter
D:4:      temple_fountains

Action                   |  1- 3 |  4- 6 || total
-------------------------+-------+-------++-------
Melee: Hand axe          |   130 |   116 ||   246
Evoke: Wand              |       |     3 ||     3
  Use: Scroll            |     3 |     6 ||     9
       Potion            |       |     3 ||     3
  Eat: Chunk             |     3 |     5 ||     8
